 Dungeon Crawl Stone Soup version 0.27.1-34-g3ba077fa99 (webtiles) character file.

Game seed: 10243720262266900184

3329 Delamore the Covert (level 10, -7/63 HPs)
             Began as an Octopode Brigand on Feb 11, 2022.
             Mangled by an unseen horror (8 damage)
             ... on level 7 of the Dungeon.
             The game lasted 00:08:23 (7629 turns).

Delamore the Covert (Octopode Brigand)              Turns: 7629, Time: 00:08:23

Health: -7/63      AC:  5    Str: 11    XL:     10   Next: 2%
Magic:  10/10      EV: 14    Int: 13    God:
Gold:   318        SH:  5    Dex: 17    Spells: 9/9 levels left

rFire    . . .     SeeInvis .   a - +3 dagger
rCold    . . .     Faith    .   o - +0 buckler
rNeg     . . .     Spirit   .   (helmet restricted)
rPois    .         Reflect  .   h - amulet of the acrobat
rElec    .         Harm     .   f - +4 ring of protection
rCorr    .         Rampage  .   (no ring)
Will     .....                  (no ring)
Stlth    ++++++....             (no ring)
HPRegen  0.20/turn              (no ring)
MPRegen  0.12/turn              (no ring)
                                (no ring)
                                (no ring)

@: hasted, very quick
A: almost no armour, amphibious, 8 rings, camouflage 1, gelatinous body 1,
(nimble swimmer 1), tentacles
a: no special abilities


You were on level 7 of the Dungeon.
You visited 1 branch of the dungeon, and saw 7 of its levels.

You collected 318 gold pieces.

Inventory:

Hand Weapons
 a - a +3 dagger (weapon)
 k - a +0 rapier
Missiles
 b - 35 poisoned darts
 c - 5 curare-tipped darts
 p - 4 boomerangs (quivered)
Armour
 o - a +0 buckler (worn)
Jewellery
 d - an amulet of guardian spirit
 f - a +4 ring of protection (left tentacle)
 h - an amulet of the acrobat (around mantle)
 x - an amulet of faith
Wands
 r - a wand of flame (24)
Scrolls
 e - 6 scrolls of amnesia
 i - a scroll of enchant armour
 j - a scroll of magic mapping
 l - a scroll of holy word
 m - 6 scrolls of teleportation
 s - 2 scrolls of enchant weapon
 v - a scroll of immolation {unknown}
 w - a scroll of noise
 y - a scroll of brand weapon {unknown}
Potions
 n - a potion of haste
 q - 3 potions of mutation {unknown}
 t - a potion of lignification {unknown}
 u - a potion of flight {unknown}
 z - 2 potions of heal wounds {unknown}
 A - a potion of attraction {unknown}
 B - a potion of degeneration {unknown}


   Skills:
 + Level 3.7 Fighting
 - Level 10.0 Short Blades
 + Level 3.7 Throwing
 + Level 3.2 Dodging
 - Level 10.0 Stealth
 - Level 4.0 Shields
 + Level 3.2 Evocations


You had 9 spell levels left.
You didn't know any spells.
Your spell library contained the following spells:

 Spells                   Type           Power      Damage    Failure   Level
 Sting                    Tmut/Pois      0%         1d3       30%         1
 Blink                    Tloc           N/A        N/A       43%         2
 Corpse Rot               Necr/Air       N/A        N/A       43%         2
 Poisonous Vapours        Pois/Air       0%         N/A       43%         2
 Frozen Ramparts          Ice            0%         1d2       67%         3
 Dispel Undead            Necr           0%         3d6       97%         4
 Ice Form                 Ice/Tmut       0%         N/A       97%         4
 Olgreb's Toxic Radiance  Pois           0%         N/A       97%         4
 Summon Ice Beast         Ice/Summ       0%         N/A       97%         4
 Manifold Assault         Tloc           0%         N/A       100%        5
 Death Channel            Necr           0%         N/A       100%        6
 Storm Form               Tmut/Air       0%         N/A       100%        7


Dungeon Overview and Level Annotations

Branches:
Dungeon (7/15)
 Temple: D:4-7

Altars:
Hepliaklqana
Kikubaaqudgha

Annotations:
D:6 2 runed translucent doors, Akaron's ghost, weakling OpDe


Innate Abilities, Weirdness & Mutations

You cannot wear most types of armour.
You are amphibious.
You can wear up to eight rings at the same time.
Your skin changes colour to match your surroundings (Stealth+).
Your rubbery body absorbs attacks. (AC +1, EV +1)
((You are camouflaged near water. (Stealth+)))
You have tentacles for arms and can constrict up to eight enemies at once.


Message History

You hit the hound but do no damage. You grab the hound.
You squeeze the hound, but do no damage.
You constrict the hound. Something hits you!
Deactivating autopickup; reactivate with Ctrl-A.
The hound completely misses you.
You hit the hound.
The hound is moderately wounded.
You constrict the hound. Something hits you but does no damage.
You hit the hound. You squeeze the hound.
The hound is almost dead.
You constrict the hound. The hound bites you but does no damage.
Something hits you but does no damage.
You hit the hound.
You kill the hound!
Something hits you!
No target in view!
No target in view!
Something barely misses you.
You hit something. Something hits you.
You hit something. Something hits you!
You hit something but do no damage. You squeeze something.
Something barely misses you. Something completely misses you.
You miss something. Your squeeze misses something. Something hits you.
You miss something. You squeeze something. Something hits you! x2
You hit something. Something hits you but does no damage.
You closely miss something. You squeeze something. Something hits you!
* * * LOW HITPOINT WARNING * * *
Something barely misses you.
You hit something but do no damage. Something hits you but does no damage.
Something hits you!
* * * LOW HITPOINT WARNING * * *
It was a potion of curing.
You feel better. Something hits you.
* * * LOW HITPOINT WARNING * * *
You feel better.
It was a potion of haste.
You feel yourself speed up. Something completely misses you.
Something hits you!
* * * LOW HITPOINT WARNING * * *
Something hits you!
You die...

.... #### .... ###
#...# #... ..##..#.#
#..# #.#..##.#
#..##.†.##..# ######
#..#..##.#.####.....
#...##..#......####
##.##...#.######
#@#....#..###
#.#.)..#....#
#.#...##.#..#
#.#..##...#.######
#.#.#.##...###......
#...##.....#.#####.
##.##....##.. #..
#.#....# ##. ###.#
....### #. #...#


There were no monsters in sight!

Vanquished Creatures
  A two-headed ogre (D:5)
  A komodo dragon (D:6)
  Prince Ribbit (D:5)
  Sigmund (D:5)
  Menkaure (D:6)
  A water moccasin (D:7)
  Duvessa (D:6)
  2 sky beasts
  3 ogres
  2 centaurs
  3 phantoms (D:5)
  Blork the orc (D:5)
  2 scorpions
  A water moccasin zombie (D:5)
  A wyvern zombie (D:7)
  A water moccasin skeleton (D:5)
  Dowan (D:6)
  4 wights (D:7)
  A centaur zombie (D:6)
  A jelly (D:4)
  Crazy Yiuf (D:4)
  A hound (D:7)
  An orc priest (D:5)
  A bullfrog skeleton (D:6)
  2 centaur skeletons
  2 iguanas (D:4)
  An orc wizard (D:6)
  A gnoll (D:6)
  5 adders
  2 ufetubi
  2 worms
  15 dart slugs
  8 orcs
  5 endoplasms
  5 goblins
  5 hobgoblins
  2 jackals (D:1)
  3 quokkas
  3 ball pythons (D:1)
  3 bats
  4 frilled lizards
  6 kobolds
  6 rats
114 creatures vanquished.

Vanquished Creatures (others)
  A hound (D:6)
  An orc wizard (D:6)
  2 gnolls (D:6)
  A howler monkey zombie (D:6)
  An adder (D:6)
6 creatures vanquished.

Grand Total: 120 creatures vanquished

Notes
Turn   | Place    | Note
-------+----------+-------------------------------------------
     0 | D:1      | Delamore the Octopode Brigand began the quest for the Orb.
     0 | D:1      | Reached XP level 1. HP: 14/14 MP: 1/1
   194 | D:1      | Reached XP level 2. HP: 14/19 MP: 2/2
  1229 | D:2      | Reached XP level 3. HP: 24/24 MP: 3/3
  1510 | D:2      | Found an ancient bone altar of Kikubaaqudgha.
  2184 | D:3      | Reached XP level 4. HP: 27/29 MP: 4/4
  2841 | D:4      | Noticed a scorpion
  3099 | D:4      | Noticed an ogre
  3161 | D:4      | Reached skill level 1 in Shields
  3169 | D:3      | Killed a scorpion
  3170 | D:3      | Reached XP level 5. HP: 22/34 MP: 5/5
  3922 | D:4      | Reached XP level 6. HP: 39/39 MP: 6/6
  4342 | D:4      | Found a runed translucent door.
  4343 | D:4      | Noticed Crazy Yiuf
  4484 | D:4      | Killed Crazy Yiuf
  4532 | D:5      | Entered Level 5 of the Dungeon
  4620 | D:5      | Reached XP level 7. HP: 45/45 MP: 7/7
  5136 | D:5      | Reached skill level 10 in Stealth
  5371 | D:5      | Reached skill level 5 in Short Blades
  5371 | D:5      | Reached XP level 8. HP: 30/50 MP: 8/8
  5523 | D:5      | Noticed Sigmund
  5531 | D:5      | Killed Sigmund
  5578 | D:5      | Noticed a two-headed ogre
  5582 | D:5      | Killed a two-headed ogre
  5583 | D:5      | Reached XP level 9. HP: 54/54 MP: 9/9
  5626 | D:5      | Noticed Prince Ribbit
  5630 | D:5      | Killed Prince Ribbit
  5634 | D:5      | Noticed Blork the orc
  5640 | D:5      | Killed Blork the orc
  6075 | D:6      | Noticed Menkaure
  6155 | D:6      | Noticed Duvessa
  6155 | D:6      | Noticed Dowan
  6158 | D:6      | Killed Dowan
  6368 | D:6      | Killed Menkaure
  6369 | D:6      | Reached skill level 10 in Short Blades
  6582 | D:6      | Reached skill level 1 in Evocations
  6636 | D:6      | Noticed a komodo dragon
  6644 | D:6      | Killed a komodo dragon
  6653 | D:6      | Found a runed translucent door.
  6653 | D:6      | Noticed Akaron's ghost (weakling OpDe)
  6683 | D:6      | Found a runed translucent door.
  6756 | D:6      | Killed Duvessa
  6930 | D:6      | Found a hazy altar of Hepliaklqana.
  7601 | D:7      | Reached XP level 10. HP: 63/63 MP: 10/10
  7629 | D:7      | HP: 1/63 [something (10)]
  7629 | D:7      | Mangled by an unseen horror

Illustrated notes

Levels and vault maps discovered:
D:1:      mrwooster_arrival_statue_3, layout_basic
D:2:      layout_rooms, basic_altar
D:3:      layout_basic
D:4:      layout_layer_cave, minmay_misc_feat_roman, uniq_crazy_yiuf_cottage
D:5:      kennysheep_slugbush, layout_basic, dk_noncrumbling_2, uniq_sigmund,
          uniq_blork_the_orc, uniq_prince_ribbit1
D:6:      layout_cave_pools, nzn_hepliaklqana_mist_gate,
          minmay_temple_entry_overgrown, ebering_ghost_sewer_f,
          lemuel_flamethrower_2, uniq_duvessa, uniq_menkaure
D:7:      layout_loops_ring, minmay_parallelograms

Skill      XL: |  1  2  3  4  5  6  7  8  9 |
---------------+----------------------------+-----
Stealth        | 6 7 8 9 10 | 10.0
Short Blades   | 3 4 5 8 10 | 10.0
Shields        | 1 2 4 |  4.0
Evocations     | 3 |  3.2
Dodging        | 3 |  3.2
Fighting       | 3 |  3.7
Throwing       | 3 |  3.7

Action                   |  1- 3 |  4- 6 |  7- 9 | 10-12 || total
-------------------------+-------+-------+-------+-------++-------
Melee: Dagger            |    71 |    66 |   165 |    12 ||   314
       Constrict         |    12 |    15 |    18 |     1 ||    46
       Tentacles         |    11 |    22 |    34 |     5 ||    72
Throw: Dart              |       |    13 |    18 |       ||    31
       Boomerang         |       |       |     7 |       ||     7
  Use: Scroll            |     2 |       |     5 |       ||     7
       Potion            |       |       |       |     3 ||     3
 Stab: Sleeping          |    12 |    11 |    13 |       ||    36
       Distracted        |       |     1 |       |       ||     1
Armor: Skin              |     6 |     6 |    22 |     5 ||    39
Dodge: Dodged            |    26 |    29 |    61 |     9 ||   125
Block: Buckler           |     2 |     9 |    18 |       ||    29
